 Dungeon Sprint DCSS version 0.31-a0-115-g4708a659fe (webtiles) character file.

Game seed: 2335735564994136535

288 gelatine the Cleaver (level 8, -6/67 (68) HPs)
             Began as a Demonspawn Fighter on May 29, 2023.
             Was a Follower of Makhleb.
             Killed from afar by Aizul (23 damage)
             ... with a bolt of poison
             ... in the Dungeon (Sprint VI: "Thunderdome").
             The game lasted 00:09:58 (469 turns).

gelatine the Cleaver (Demonspawn Fighter)            Turns: 469, Time: 00:09:58

HP:   -6/67 (68)    AC: 12    Str: 22    XL:     8   Next: 29%
MP:   10/10         EV: 11    Int:  7    God:    Makhleb [*.....]
Gold: 231           SH: 11    Dex: 17    Spells: 7/7 levels left

rFire   + . .        m - +3 hand axe
rCold   . . .        o - +0 kite shield
rNeg    . . .        b - +0 scale mail
rPois   .            (no helmet)
rElec   .            t - +2 cloak
rCorr   +            x - +0 pair of gloves
SInv    .            (boots unavailable)
Will    +++..        q - amulet of Pathreq {RegenMP Dex+4}
Stlth   +            r - ring of Trepidation {rF+ Str+3 Slay+3}
HPRegen 0.31/turn    y - ring "Aptu" {Will+++ rCorr Int-2 Slay+4 Stlth+}
MPRegen 0.64/turn

%: no teleportation
@: mighty, lethally poisoned (-6 -> -19), lightly drained
A: hooves 3, ignite blood 2, magic regeneration
a: Renounce Religion


You were in the Dungeon.
You worshipped Makhleb.
Makhleb was aware of your devotion.
You visited 1 branch You collected 600 gold pieces.
You spent 369 gold pieces at shops.

Inventory:

Hand Weapons
 a - a +0 war axe
 m - a +3 hand axe (weapon)
Armour
 b - a +0 scale mail (worn)
 c - a +0 buckler
 o - a +0 kite shield (worn)
 t - a +2 cloak (worn)
 x - a +0 pair of gloves (worn)
Jewellery
 p - the ring "Foelui" {Wiz Drain rPois Int+3}
   (You bought it in a shop in the Dungeon)

   [ring of wizardry]

   It improves your spell success rate.
   Int:       It affects your intelligence (+3).
   rPois:     It protects you from poison.
   Drain:     It drains your maximum health when unequipped.
 q - the amulet of Pathreq (around neck) {RegenMP Dex+4}
   (You bought it in a shop in the Dungeon)

   [amulet of magic regeneration]

   It increases your rate of magic regeneration.
   Dex:       It affects your dexterity (+4).
 r - the ring of Trepidation (left hand) {rF+ Str+3 Slay+3}
   (You bought it in a shop in the Dungeon)

   [ring of protection from fire]

   Str:       It affects your strength (+3).
   Slay:      It affects your accuracy & damage with ranged weapons and melee
   (+3).
   rF:        It protects you from fire.
 u - the amulet "Nymargh" {Spirit +Inv Fly}
   (You bought it in a shop in the Dungeon)

   [amulet of guardian spirit]

   It causes incoming damage to be divided between your reserves of health and
   magic.
   +Inv:      It lets you turn invisible.
   Fly:       It grants you flight.
 v - the amulet of Afewnal {RegenMP rF+}
   (You bought it in a shop in the Dungeon)

   [amulet of magic regeneration]

   It increases your rate of magic regeneration.
   rF:        It protects you from fire.
 w - the ring "Puygitou" {Drain rN+++ Int+6}
   (You bought it in a shop in the Dungeon)

   [ring of intelligence]

   Int:       It affects your intelligence (+6).
   rN:        It renders you almost immune to negative energy.
   Drain:     It drains your maximum health when unequipped.
 y - the ring "Aptu" (right hand) {Will+++ rCorr Int-2 Slay+4 Stlth+}
   (You bought it in a shop in the Dungeon)

   [ring of slaying]

   Int:       It affects your intelligence (-2).
   Slay:      It affects your accuracy & damage with ranged weapons and melee
   (+4).
   rCorr:     It protects you from acid and corrosion.
   Will:      It greatly increases your willpower.
   Stlth:     It makes you more stealthy.
Scrolls
 j - 4 scrolls of blinking
 n - 3 scrolls of fog
Potions
 f - 4 potions of heal wounds
 g - 4 potions of haste
 h - 2 potions of magic
 i - a potion of berserk rage
 k - a potion of resistance
 s - a potion of degeneration {unknown}


   Skills:
 * Level 8.2 Fighting
 * Level 9.1 Axes
 * Level 8.0 Armour
 * Level 5.2 Dodging
 + Level 0.2 Stealth
 * Level 7.4 Shields
 * Level 2.8 Invocations
 + Level 5.1 Evocations


You had 7 spell levels left.
You didn't know any spells.
Your spell library was empty.

Dungeon Overview and Level Annotations

Branches:
Dungeon (1/1)

Altars:
Cheibriados
Dithmenos
Fedhas
Gozag
Kikubaaqudgha
Makhleb
Okawaru
Qazlal
Ru
Sif Muna
Trog
Uskayaw
Vehumet
Wu Jian
Xom
Yredelemnul
Lugonu

Shops:
D *[??*?*:[((!!!!

Annotations:
D Aizul


Innate Abilities, Weirdness & Mutations

You have hooves in place of feet.
Your demonic aura often causes spilled blood to erupt in flames.
You regenerate magic rapidly.


Message History

Get ready!
ROUND 5!
BOSS ROUND!
Aizul the Neglectful Guardian comes into view.
Aiming: Corrosive Bolt
Press: ? - help, Q - select action Shift-Dir - straight line, f - Aizul
Aim: Aizul (48% to hit)
The bolt of acid misses Aizul.
The now-empty wand crumbles to dust.
Aizul says, "Fancy a snooze?"
Aizul casts a spell at you. You block the poison arrow.
You feel very mighty all of a sudden. You block Aizul's attack.
You slash Aizul!
Aizul is lightly wounded.
Aizul is engulfed in blazing flames.
Aizul coils herself and waves her upper body at you.
The bolt of poison misses you.
Aizul is engulfed in blazing flames.
Aizul hits you!
You barely miss Aizul.
Aizul is moderately wounded.
Aizul is engulfed in blazing flames.
Aizul hits you!
Aizul is engulfed in blazing flames.
You block Aizul's attack.
You closely miss Aizul.
Aizul is moderately wounded.
Aizul is engulfed in blazing flames.
Aizul casts a spell at you. The poison arrow hits you!!
You are poisoned.
* * * LOW HITPOINT WARNING * * *
Aizul coils herself and waves her upper body at you.
The bolt of poison misses you.
You feel better.
You feel yourself speed up. Aizul hits you.
* * * LOW HITPOINT WARNING * * *
Aizul barely misses you. Aizul casts a spell at you.
The bolt of poison hits you!!
You are poisoned.
You die...

#_......._# #........_#
###.........###
#⌠...........⌠#
######.8.........8.###
##.__.......###......__
###∩...[....8.# #.8..)...
##......☼S[....###..[.....
#⌠.......@..###...###.....
#⌠....).○...# #.<.# #.[...
#⌠..........###...###.....
##......[......###........
###∩........8.# #.8......
##∩_._......###......__
######.8.........8.###
#⌠...........⌠#
###.........###


You could see Aizul.

Vanquished Creatures
  3 wraiths (D)
  3 fire bats (D)
  A fire elemental (D)
  2 gnoll sergeants (D)
  2 wights (D)
  A gnoll bouda (D)
  Crazy Yiuf (D)
  A gnoll (D)
  2 spectral adders (D)
  An adder zombie (D)
  An adder skeleton (D)
  A bat skeleton (D)
  A ball python zombie (D)
  A spectral giant cockroach (D)
  A spectral quokka (D)
22 creatures vanquished.

Notes
Turn   | Place    | Note
-------+----------+-------------------------------------------
     0 | D        | gelatine the Demonspawn Fighter began the quest for the
                  | Orb.
     0 | D        | Reached XP level 1. HP: 18/18 MP: 1/1
     3 | D        | Found a shadowy altar of Dithmenos.
     4 | D        | Found a bloodstained altar of Trog.
     5 | D        | Found an ornate altar of the Wu Jian Council.
     5 | D        | Round 1.
     6 | D        | Found a basalt altar of Yredelemnul.
     6 | D        | Found a radiant altar of Vehumet.
     6 | D        | Found Kytypnos's Premium Goods.
     6 | D        | Found Tottierchudd's Weapon Rack.
     7 | D        | Found Monaz's Miscellaneous Merchandise.
     7 | D        | Found Ukadil's Basic Armour.
    10 | D        | Found a burning altar of Makhleb.
    11 | D        | Found Iclapofy's Identification Station.
    12 | D        | Found Suuk's Advanced Armour.
    12 | D        | Found Wiusm's Jewellery.
    12 | D        | Noticed a gnoll sergeant
    13 | D        | Found a shimmering altar of Xom.
    13 | D        | Found a hide-covered altar of Uskayaw.
    17 | D        | Killed a gnoll sergeant
    18 | D        | Reached skill level 2 in Axes
    18 | D        | Reached skill level 1 in Dodging
    18 | D        | Reached skill level 1 in Evocations
    18 | D        | Gained mutation: You have large cloven feet. [demonic
                  | ancestry]
    18 | D        | Reached XP level 2. HP: 26/26 MP: 2/2
    18 | D        | Gained mutation: You regenerate magic rapidly. [demonic
                  | ancestry]
    18 | D        | Reached XP level 3. HP: 31/31 MP: 3/3
    43 | D        | Bought a bound golden ring for 45 gold pieces
    43 | D        | Identified the ring "Foelui" {Wiz Drain rPois Int+3} (You
                  | bought it in a shop in the Dungeon)
    43 | D        | Bought a clouded zirconium amulet for 45 gold pieces
    43 | D        | Identified the amulet of Pathreq {RegenMP Dex+4} (You
                  | bought it in a shop in the Dungeon)
    43 | D        | Bought a clouded granite ring for 45 gold pieces
    43 | D        | Identified the ring of Trepidation {rF+ Str+3 Slay+3} (You
                  | bought it in a shop in the Dungeon)
    49 | D        | Found an iron altar of Okawaru.
    50 | D        | Found Sisetwu's Magic Scroll Shop.
    51 | D        | Found Oleov's Magic Scroll Shop.
    51 | D        | Found Peppuha's Must-Have Magic.
    52 | D        | Found a corrupted altar of Lugonu.
    52 | D        | Found a snail-covered altar of Cheibriados.
    52 | D        | Found a stormy altar of Qazlal.
    52 | D        | Found Cusaafis's Staff Store.
    68 | D        | Found a sacrificial altar of Ru.
    70 | D        | Found a blossoming altar of Fedhas.
    70 | D        | Found a shimmering blue altar of Sif Muna.
    70 | D        | Noticed Crazy Yiuf
    71 | D        | Found Zirogu's Distillery.
    72 | D        | Found Yfyp's Distillery.
    72 | D        | Found Dinymal's Bottled Wisdom.
    73 | D        | Found an opulent altar of Gozag.
    73 | D        | Found an ancient bone altar of Kikubaaqudgha.
    73 | D        | Found Vyumor's Do-It-Yourself Clinic.
    78 | D        | Killed Crazy Yiuf
    79 | D        | Reached skill level 5 in Fighting
    79 | D        | Gained mutation: Your demonic aura sometimes causes spilled
                  | blood to erupt in flames. [demonic ancestry]
    79 | D        | Reached XP level 4. HP: 39/39 MP: 4/4
   103 | D        | Noticed a gnoll sergeant
   106 | D        | Reached skill level 3 in Axes
   106 | D        | Reached skill level 5 in Armour
   106 | D        | Reached skill level 5 in Shields
   115 | D        | Killed a gnoll sergeant
   115 | D        | Arena points: 12 (+12) [x2]
   116 | D        | Gained mutation: You have hoof-like feet. [demonic
                  | ancestry]
   116 | D        | Reached XP level 5. HP: 31/46 MP: 5/5
   141 | D        | Bought a faintly glowing pewter amulet for 45 gold pieces
   141 | D        | Identified the amulet "Nymargh" {Spirit +Inv Fly} (You
                  | bought it in a shop in the Dungeon)
   145 | D        | Round 2.
   153 | D        | Reached skill level 4 in Axes
   162 | D        | Arena points: 48 (+36) [x3]
   170 | D        | Bought a heavily runed steel amulet for 45 gold pieces
   170 | D        | Identified the amulet of Afewnal {RegenMP rF+} (You bought
                  | it in a shop in the Dungeon)
   170 | D        | Bought a clouded silver ring for 45 gold pieces
   170 | D        | Identified the ring "Puygitou" {Drain rN+++ Int+6} (You
                  | bought it in a shop in the Dungeon)
   227 | D        | Round 3.
   228 | D        | Noticed a fire bat
   233 | D        | Killed a fire bat
   234 | D        | Reached skill level 5 in Axes
   234 | D        | Reached XP level 6. HP: 55/55 MP: 6/6
   234 | D        | Noticed a fire elemental
   236 | D        | Noticed a fire bat
   236 | D        | Noticed a fire bat
   240 | D        | Killed a fire bat
   241 | D        | Reached skill level 6 in Axes
   241 | D        | Gained mutation: Your demonic aura often causes spilled
                  | blood to erupt in flames. [demonic ancestry]
   241 | D        | Reached XP level 7. HP: 41/60 MP: 7/7
   241 | D        | Killed a fire elemental
   242 | D        | Reached skill level 7 in Axes
   244 | D        | Killed a fire bat
   278 | D        | Arena points: 108 (+60) [x4]
   293 | D        | Round 4.
   335 | D        | Reached skill level 5 in Evocations
   393 | D        | Bought a +0 pair of gloves for 54 gold pieces
   413 | D        | Bought a clouded tin ring for 45 gold pieces
   413 | D        | Identified the ring "Aptu" {Will+++ rCorr Int-2 Slay+4
                  | Stlth+} (You bought it in a shop in the Dungeon)
   415 | D        | Noticed a wraith
   421 | D        | Became a worshipper of Makhleb the Destroyer
   424 | D        | Noticed a wraith
   430 | D        | Killed a wraith
   431 | D        | Reached skill level 8 in Axes
   431 | D        | Reached skill level 1 in Invocations
   431 | D        | Noticed a wraith
   440 | D        | Killed a wraith
   440 | D        | Reached * piety under Makhleb
   441 | D        | Reached skill level 5 in Dodging
   441 | D        | Gained mutation: You have hooves in place of feet. [demonic
                  | ancestry]
   441 | D        | Reached XP level 8. HP: 55/68 MP: 9/9
   444 | D        | Reached skill level 9 in Axes
   447 | D        | Arena points: 288 (+180) [x5]
   462 | D        | Round 5.
   463 | D        | Noticed Aizul
   469 | D        | Killed from afar by Aizul

Illustrated notes

Levels and vault maps discovered:
D:        arena_sprint

Skill      XL: |  1  2  3  4  5  6  7  8 |
---------------+-------------------------+-----
Fighting       | 4 5 7 8 |  8.2
Axes           | 2 3 5 6 8 9 |  9.1
Armour         | 4 5 6 7 8 |  8.0
Dodging        | 1 2 3 4 5 |  5.2
Shields        | 4 5 6 7 |  7.4
Evocations     | 1 2 3 4 5 |  5.1
Invocations    | 2 |  2.8
Stealth        | |  0.2

Action                     |  1- 3 |  4- 6 |  7- 9 || total
---------------------------+-------+-------+-------++-------
  Melee: War axe           |     4 |    21 |    15 ||    40
         Kick              |     1 |     5 |    11 ||    17
         Hand axe          |       |       |    24 ||    24
  Evoke: Wand              |     4 |     5 |     1 ||    10
    Use: Potion            |       |       |     2 ||     2
 Armour: Scale mail        |       |     8 |    14 ||    22
  Dodge: Dodged            |     1 |    11 |    19 ||    31
  Block: Buckler           |     1 |       |       ||     1
         Kite shield       |     3 |     9 |    20 ||    32

Table legend: (Time is in decaauts)
 A = Elapsed time spent in this place.
 B = Non-inter-level travel time spent in this place.
 C = Inter-level travel time spent in this place.
 D = Time resting spent in this place.
 E = Time spent auto-exploring this place.
 F = Levels seen in this place.
 G = Mean time per level.
                   A        B        C        D        E       F      G
               +--------+--------+--------+--------+--------+-----+--------+
         Total |    502 |    472 |     30 |      0 |    172 |   1 |  502.0 |
       Dungeon |    502 |    472 |     30 |      0 |    172 |   1 |  502.0 |
               +--------+--------+--------+--------+--------+-----+--------+

Top non-repeatable levels by time:
       D: 502 daAuts
